 Dungeon Sprint DCSS version 0.30-a0-371-gad7725a93e (webtiles) character file.

Game seed: 16853097271170259033

151 Kingsmith the Trooper (level 5, -1/39 HPs)
             Began as a Gargoyle Fighter on Nov 21, 2022.
             Slain by an ogre
             ... wielding a +0 giant spiked club
              (22 damage)
             ... in the Dungeon (Sprint IX: "|||||||||||||||||||||||||||||").
             The game lasted 00:00:28 (53 turns).

Kingsmith the Trooper (Gargoyle Fighter)              Turns: 53, Time: 00:00:28

Health: -1/39      AC: 11    Str: 22    XL:     5   Next: 33%
Magic:  5/5        EV:  9    Int:  8    God:
Gold:   0          SH:  5    Dex:  9    Spells: 4/4 levels left

rFire   . . .      SeeInvis .    a - +0 long sword
rCold   . . .      Faith    .    c - +0 buckler
rNeg    + . .      Spirit   .    b - +0 scale mail
rPois   ∞          Reflect  .    (no helmet)
rElec   +          Harm     .    (no cloak)
rCorr   .          Rampage  .    (no gloves)
Will    .....      NoTele   +    (no boots)
Stlth   ..........               (no amulet)
HPRegen 0.26/turn                (no ring)
MPRegen 0.09/turn                (no ring)

@: on berserk cooldown, slowed, very slow
A: sickness immunity, AC +4, negative energy resistance 1, electricity
resistance, torment resistance 1, petrification resistance
a: no special abilities


You were in the Dungeon.
You visited 1 branch

Inventory:

Hand Weapons
 a - a +0 long sword (weapon)
Armour
 b - a +0 scale mail (worn)
 c - a +0 buckler (worn)
Scrolls
 j - a scroll of blinking
Potions
 d - a potion of might
 e - a potion of curing
 f - a potion of heal wounds
 g - a potion of haste
 h - 2 potions of magic


   Skills:
 * Level 7.9 Fighting
 + Level 4.4 Long Blades
 + Level 6.0 Armour
 + Level 6.0 Shields


You had 4 spell levels left.
You didn't know any spells.
Your spell library was empty.

Dungeon Overview and Level Annotations

Branches:
Dungeon (1/1)

Altars:


Innate Abilities, Weirdness & Mutations

You are immune to sickness and miasma.
Your stone body is resilient. (AC +4)
You are immune to poison.
You resist negative energy. (rN+)
You are resistant to electric shocks. (rElec)
You are resistant to unholy torment.
You are immune to petrification.


Message History

Your Armour skill increases to level 5!
Your Shields skill increases to level 5!
You closely miss the scorpion. The scorpion stings you.
You slash the scorpion!
The scorpion is heavily wounded.
The scorpion stings you but does no damage.
You barely miss the scorpion.
The scorpion is heavily wounded.
The scorpion stings you but does no damage.
You closely miss the scorpion.
The scorpion is heavily wounded.
The scorpion stings you.
You slash the scorpion!
You kill the scorpion!
You are no longer berserk.
You are exhausted.
You feel yourself slow down.
Your Fighting skill increases to level 7!
Your Long Blades skill increases to level 4!
Your Armour skill increases to level 6!
Your Shields skill increases to level 6!
You have reached level 5!
Okay, then.
You slash the ogre!
The ogre is moderately wounded.
The ogre closely misses you.
You hit the ogre.
The ogre is heavily wounded.
The ogre hits you with a +0 giant spiked club!
You slash the ogre!
The ogre is severely wounded.
You block the ogre's attack.
You barely miss the ogre.
The ogre is severely wounded.
The ogre barely misses you. x2
You hit the ogre.
The ogre is almost dead.
The ogre hits you with a +0 giant spiked club!!
Ouch! That really hurt!
You die... ▓▓▓▓▓▓▓▓▓▓▓▓▓▓▓▓▓▓ +....lO@...)'...<▓ ▓▓▓▓▓▓▓▓▓▓▓▓▓▓▓▓▓▓

You could see an ogre and an iguana.

Vanquished Creatures
  A necrophage (D)
  A scorpion (D)
  A hound (D)
  A goblin (D)
  A kobold (D)
  2 frilled lizards (D)
  A rat (D)
8 creatures vanquished.

Notes
Turn   | Place    | Note
-------+----------+-------------------------------------------
     0 | D        | Kingsmith the Gargoyle Fighter began the quest for the Orb.
     0 | D        | Reached XP level 1. HP: 14/14 MP: 1/1
    14 | D        | Reached skill level 4 in Fighting
    31 | D        | Noticed an iguana
    31 | D        | Noticed an ogre
    31 | D        | Noticed a scorpion
    31 | D        | Noticed a hound
    31 | D        | Noticed a necrophage
    38 | D        | Killed a necrophage
    39 | D        | Reached skill level 6 in Fighting
    39 | D        | Reached XP level 2. HP: 22/22 MP: 2/2
    39 | D        | Reached XP level 3. HP: 27/27 MP: 3/3
    39 | D        | Reached XP level 4. HP: 32/32 MP: 4/4
    44 | D        | Reached skill level 5 in Armour
    44 | D        | Reached skill level 5 in Shields
    48 | D        | Killed a scorpion
    49 | D        | Reached skill level 7 in Fighting
    49 | D        | Reached XP level 5. HP: 32/39 MP: 5/5
    53 | D        | Slain by an ogre

Illustrated notes

Levels and vault maps discovered:
D:        linesprint [early_d, line_temple, items_1, d_10, items_2, lair_1,
          lair_end, items_3, orc_1, orc_end, items_4, d_15, swamp_1, shoals_1,
          snake_1, spider_1, d_20, vaults_1, items_5, swamp_end, shoals_end,
          snake_end, spider_end, vaults_end, d_27, items_6, zot_1, zot_end,
          crypt_end, forest_end, elf_end, slime_end, tomb_end, abyss_end,
          pan_hell_end]

Skill      XL: |  1  2  3  4 |
---------------+-------------+-----
Long Blades    | 3 4 |  4.4
Fighting       | 6 7 |  7.9
Armour         | 4 6 |  6.0
Shields        | 4 6 |  6.0

Action                   |  1- 3 |  4- 6 || total
-------------------------+-------+-------++-------
Melee: Long sword        |    21 |    15 ||    36
  Use: Potion            |     1 |       ||     1
Armor: Scale mail        |    17 |     4 ||    21
Dodge: Dodged            |     3 |     5 ||     8
Block: Buckler           |     1 |     2 ||     3

Table legend: (Time is in decaauts)
 A = Elapsed time spent in this place.
 B = Non-inter-level travel time spent in this place.
 C = Inter-level travel time spent in this place.
 D = Time resting spent in this place.
 E = Time spent auto-exploring this place.
 F = Levels seen in this place.
 G = Mean time per level.
                   A        B        C        D        E       F      G
               +--------+--------+--------+--------+--------+-----+--------+
         Total |     59 |     59 |      0 |      0 |      0 |   1 |   59.0 |
       Dungeon |     59 |     59 |      0 |      0 |      0 |   1 |   59.0 |
               +--------+--------+--------+--------+--------+-----+--------+

Top non-repeatable levels by time:
       D: 59 daAuts
